AoeStats
← quiquito45

Black Forest

508510024Analyzed
4v4 RM · 10d ago on Sep 22, 2026· 44m 15s· 8 players
Game mode
Random Map
Map size
Large (8 player)
Population
200
Speed
Normal
Resources
Standard
Victory
Conquest
Starting age
Dark Age
Ending age
Imperial Age
RankedLock teamsTeams togetherTeam positionsShared explorationLock speedFull tech treeHidden civsTurbo modeCheats
Victory
Defeat
🇩🇪 Bohemians · Germany
1014
+15
🇲🇽 Gurjaras · Mexico
1003
+16
🇷🇴 Slavs · Romania
998
+16
🇭🇰 Franks · Hong Kong SAR China
863
+20
🇧🇷 Khmer · Brazil
1011
-18
🇬🇧 Dravidians · United Kingdom
1002
-17
🇦🇷 Byzantines · Argentina
977
-16
🇹🇼 Danes · Taiwan
972
-16
StinkyNewt
5:49 Loom
11:34 Feudal Age
16:00 Castle Age
13:53 Double-Bit Axe
14:54 Horse Collar
16:58 Bow Saw
23:37 Wheelbarrow
29:00 Gold Mining
29:17 Heavy Plow
32:32 Imperial Age
30:18 Hand Cart
31:50 Fletching
32:01 Padded Archer Armor
32:02 Scale Mail Armor
32:12 Forging
32:26 Ballistics
32:18 Fortified Wall
32:19 Masonry
32:18 Thumb Ring
34:13 Two-Man Saw
32:44 Elite Elephant Archer
34:09 Conscription
34:54 Pikeman
35:35 Squires
35:37 Bodkin Arrow
35:58 Leather Archer Armor
35:59 Medical Corps
36:15 Wootz Steel
36:28 Wootz Steel
35:35 Halberdier
38:23 Chemistry
37:46 Bracer
38:16 Ring Archer Armor
38:02 Chain Mail Armor
38:23 Iron Casting
39:47 Elite Urumi Swordsman
41:03 Hoardings
YJHAN
1:11 Loom
16:05 Feudal Age
16:45 Man-at-Arms
17:10 Arson
18:15 Town Watch
18:26 Fletching
18:47 Forging
18:37 Scale Mail Armor
18:26 Horse Collar
19:53 Fishing Lines
27:11 Castle Age
25:34 Scale Barding Armor
25:29 Padded Archer Armor
26:00 Stone Mining
26:01 Gold Mining
26:11 Double-Bit Axe
28:46 Wheelbarrow
28:53 Bow Saw
29:48 Squires
29:35 Gambesons
31:47 Heavy Plow
32:13 Redemption
33:48 Gold Shaft Mining
34:43 Pikeman
35:23 Bodkin Arrow
36:04 Iron Casting
35:44 Chain Mail Armor
37:02 Hand Cart
37:56 Ballistics
37:47 Masonry
38:59 Hamask
40:21 Iron Casting
43:50 Imperial Age
TT
0:41 Loom
15:13 Feudal Age
15:45 Town Watch
18:33 Castle Age
17:49 Double-Bit Axe
17:48 Horse Collar
26:29 Imperial Age
26:40 Wheelbarrow
27:38 Gold Mining
29:05 Onager
33:08 Bow Saw
33:19 Heavy Scorpion
35:32 Double Crossbow
39:26 Hand Cart
41:18 Chemistry
40:40 Ballistics
40:26 Siege Engineers
40:32 Masonry
43:31 Gold Shaft Mining
42:47 Stone Mining
JuanPeron
0:37 Loom
11:56 Feudal Age
13:17 Wheelbarrow
12:29 Double-Bit Axe
14:45 Horse Collar
20:24 Castle Age
20:05 Gold Mining
20:41 Forging
22:11 Scale Barding Armor
23:40 Bow Saw
26:36 Heavy Plow
30:44 Hand Cart
31:00 Chain Barding Armor
31:15 Iron Casting
30:31 Fletching
33:29 Gold Shaft Mining
quiquito45
9:13 Loom
12:48 Feudal Age
15:02 Wheelbarrow
16:57 Castle Age
17:00 Double-Bit Axe
17:07 Stone Mining
19:51 Stone Shaft Mining
19:32 Bow Saw
19:16 Gold Mining
19:08 Horse Collar
22:47 Fletching
27:54 Heavy Plow
31:36 Imperial Age
29:55 Gold Shaft Mining
30:45 Hand Cart
30:16 Town Watch
30:43 Scale Barding Armor
30:49 Forging
30:35 Bodkin Arrow
32:42 Conscription
32:52 Heavy Camel Rider
35:12 Bracer
35:12 Padded Archer Armor
35:15 Scale Mail Armor
35:35 Chain Barding Armor
36:31 Chemistry
35:43 Fortified Wall
36:34 Iron Casting
36:40 Ballistics
36:33 Fortified Wall
37:27 Husbandry
37:37 Bloodlines
37:44 Chain Mail Armor
37:45 Leather Archer Armor
38:04 Caravan
38:39 Elite Elephant Archer
39:24 Thumb Ring
40:05 Town Patrol
40:04 Murder Holes
40:46 Plate Barding Armor
42:38 Plate Mail Armor
41:35 Elite Skirmisher
42:55 Elite Chakram Thrower
Maudi
0:31 Loom
11:55 Feudal Age
18:03 Castle Age
15:51 Double-Bit Axe
16:39 Horse Collar
19:02 Wheelbarrow
19:31 Fervor
25:31 Town Watch
26:12 Bow Saw
26:53 Heavy Plow
32:55 Imperial Age
30:17 Fletching
32:01 Chemistry
34:17 Padded Archer Armor
34:12 Bodkin Arrow
34:28 Forging
34:19 Scale Mail Armor
34:46 Conscription
34:58 Hand Cart
35:33 Murder Holes
37:37 Two-Man Saw
37:26 Houfnice
38:54 Ballistics
38:47 Wagenburg Tactics
38:34 Pikeman
39:14 Squires
38:59 Arson
38:41 Elite Skirmisher
40:22 Siege Engineers
41:42 Bracer
41:57 Chain Mail Armor
42:17 Iron Casting
41:58 Leather Archer Armor
44:02 Plate Mail Armor
BabyShark
9:27 Loom
11:31 Feudal Age
13:51 Double-Bit Axe
16:51 Castle Age
17:06 Gold Mining
26:28 Bow Saw
30:11 Imperial Age
28:38 Wheelbarrow
27:52 Town Watch
30:17 Hand Cart
32:35 Chemistry
31:53 Scale Barding Armor
31:59 Forging
33:30 Chain Barding Armor
34:10 Iron Casting
33:38 Husbandry
34:01 Conscription
33:37 Fishing Lines
33:31 Cavalier
34:45 Paladin
37:02 Plate Barding Armor
37:28 Blast Furnace
42:15 Caravan
Veni Vidi Avicii 2
2:56 Loom
12:35 Feudal Age
18:58 Castle Age
17:34 Wheelbarrow
16:45 Town Watch
17:00 Horse Collar
17:15 Double-Bit Axe
21:05 Bow Saw
20:58 Heavy Plow
22:28 Town Watch
25:42 Gold Mining
27:58 Hand Cart
28:37 Gold Shaft Mining
27:59 Stone Mining
29:56 Ballistics
29:47 Fortified Wall
29:50 Murder Holes
30:06 Masonry
30:26 Squires
29:47 Pikeman
29:47 Man-at-Arms
34:57 Imperial Age
33:28 Husbandry
33:40 Scale Barding Armor
34:50 Bloodlines
35:32 Detinets
35:23 Cavalier
36:16 Forging
36:28 Chain Barding Armor
40:59 Iron Casting
43:34 Plate Barding Armor
Connection lost

Rejoining the realm…

Still unreachable

The connection could not be restored.

Session expired

The server has moved on; the page needs a fresh start.